 Dungeon Crawl Stone Soup version 0.31-a0-174-g85c54bcb58 (webtiles) character file.

Game seed: 3142453555221579855

22 qw the Shooter (level 2, 0/17 HPs)
             Began as a Gargoyle Hunter on June 15, 2023.
             Slain by a jackal (3 damage)
             ... on level 1 of the Dungeon.
             The game lasted 00:00:14 (371 turns).

qw the Shooter (Gargoyle Hunter)                     Turns: 371, Time: 00:00:15

Health: 0/17       AC:  5    Str: 14    XL:     2   Next: 91%
Magic:  2/2        EV: 11    Int:  9    God:
Gold:   38         SH:  0    Dex: 13    Spells: 1/1 levels left

rFire   . . .        a - +0 shortbow
rCold   . . .        (shield currently unavailable)
rNeg    + . .        c - +0 leather armour
rPois   inf          (no helmet)
rElec   +            (no cloak)
rCorr   .            (no gloves)
SInv    .            (no boots)
Will    .....        (no amulet)
Stlth   +            (no ring)
HPRegen 0.22/turn    (no ring)
MPRegen 0.08/turn

%: no passive effects
@: no status effects
A: sickness immunity, AC +2, negative energy resistance 1, electricity
resistance, torment resistance 1, petrification resistance
a: no special abilities


You were on level 1 of the Dungeon.
You visited 1 branch of the dungeon, and saw 1 of its levels.

You collected 38 gold pieces.


Innate Abilities, Weirdness & Mutations

You are immune to sickness and miasma.
Your stone body is resilient. (AC +2)
You are immune to poison.
You resist negative energy. (rN+)
You are resistant to electric shocks. (rElec)
You are resistant to unholy torment.
You are immune to petrification.


   Skills:
 - Level 2.1 Fighting
 + Level 4.8 Ranged Weapons
 - Level 1.5 Dodging
 - Level 1.1 Stealth


You had one spell level left.
You didn't know any spells.
Your spell library was empty.

Inventory:

Hand Weapons
 a - a +0 shortbow (weapon)
Armour
 c - a +0 leather armour (worn)
 d - a +0 ring mail
Scrolls
 b - a scroll of butterflies
 e - a scroll of identify {unknown}

Dungeon Overview and Level Annotations

Branches:
Dungeon (1/15)

Altars:

Shops:
D:1 !


Message History

A nearby plant withers and dies.
The jackal bites you but does no damage.
The jackal closely misses you.
The jackal bites you but does no damage.
You shoot an arrow. The arrow hits the jackal.
The jackal is lightly wounded.
The jackal completely misses you. The jackal barely misses you.
The jackal bites you. The jackal barely misses you.
You shoot an arrow.
The arrow hits the jackal but does no damage.
The jackal is lightly wounded.
The jackal misses you. The jackal barely misses you.
The jackal bites you but does no damage.
You shoot an arrow.
The arrow hits the jackal but does no damage.
The jackal is lightly wounded.
The jackal bites you. x3
You shoot an arrow. The arrow closely misses the jackal.
The jackal bites you.
The jackal bites you but does no damage. x2
The jackal bites you.
You shoot an arrow. The arrow closely misses the jackal.
The jackal misses you. The jackal closely misses you.
You shoot an arrow.
The arrow hits the jackal but does no damage.
The jackal is lightly wounded.
The jackal bites you but does no damage.
The jackal completely misses you. The jackal misses you.
The jackal closely misses you.
You shoot an arrow. The arrow closely misses the jackal.
The jackal bites you but does no damage.
The jackal bites you. The jackal barely misses you.
You shoot an arrow. The arrow hits the jackal.
The jackal is severely wounded.
The jackal bites you but does no damage.
The jackal closely misses you. The jackal bites you.
You shoot an arrow. The arrow hits the jackal.
You kill the jackal!
The jackal barely misses you. The jackal bites you.
You die...

..... 7##
....[ .P#
##...7P77.# #
#....P P..#.#
##...P7 7..#.#
#....777PPh%.#
#...PPP77P@#
#.....P77.##
#.#...P...#
#.###..PP##
#.# ##P7##
###.# ###
##...#
####...##
.......#


You could see a jackal.

Vanquished Creatures
  A dart slug (D:1)
  2 ball pythons (D:1)
  3 endoplasms (D:1)
  3 hobgoblins (D:1)
  3 jackals (D:1)
  2 kobolds (D:1)
  A quokka (D:1)
  2 frilled lizards (D:1)
  2 rats (D:1)
19 creatures vanquished.

Notes
Turn   | Place    | Note
-------+----------+-------------------------------------------
     0 | D:1      | qw the Gargoyle Hunter began the quest for the Orb.
     0 | D:1      | Reached XP level 1. HP: 12/12 MP: 1/1
     0 | D:1      | 0 ||| qw: Version: 0.2-a-29-g511e9b1
     0 | D:1      | 0 ||| qw: Game counter: 5439
     0 | D:1      | 0 ||| qw: Always use a shield: true
     0 | D:1      | 0 ||| qw: God list: Okawaru
     0 | D:1      | 0 ||| qw: Allow faded altars: false
     0 | D:1      | 0 ||| qw: Do Orc after D:15 true
     0 | D:1      | 0 ||| qw: Do second Lair branch before Depths: true
     0 | D:1      | 0 ||| qw: Lair rune preference: random
     0 | D:1      | 0 ||| qw: Plans: Normal, Zot:1-4, Slime:5, God:TSO, Crypt,
                  | Tomb, Abyss, Pan, Hells, Win
     0 | D:1      | 0 ||| PLANNING D:1-11
     1 | D:1      | Found Vuqy's Distillery.
    30 | D:1      | 30 ||| SHOPLISTING potion of curing (33 gold, have 0).
    30 | D:1      | 30 ||| SHOPLISTING potion of heal wounds (55 gold, have 0).
    30 | D:1      | 30 ||| SHOPLISTING potion of mutation (88 gold, have 0).
    71 | D:1      | 71 ||| FLEEEEING.
    73 | D:1      | 73 ||| FLEEEEING.
    74 | D:1      | 74 ||| FLEEEEING.
   105 | D:1      | Reached XP level 2. HP: 17/17 MP: 2/2
   366 | D:1      | HP: 4/17 [jackal (2)]
   371 | D:1      | Slain by a jackal

Levels and vault maps discovered:
D:1:      dpeg_arrival_tiny_h, layout_rooms, serial_forest,
          infiniplex_forest_straight_2, infiniplex_forest_clump_long,
          infiniplex_forest_lined_4_way, infiniplex_forest_straight_4,
          infiniplex_forest_clump_long, infiniplex_forest_corner_1,
          infiniplex_forest_end_3, serial_shops, shop

Action                     || total
---------------------------++-------
   Fire: Shortbow          ||    67
 Armour: Leather armour    ||    16
  Dodge: Dodged            ||    25

Table legend:
 A = Non-vault XP
 B = Vault XP
 C = Vault XP percentage of total XP
 D = Non-vault monster count
 E = Vault monster count
 F = Vault count percentage of total count
                 A         B        C        D         E       F
            +---------+---------+-------+---------+---------+-------
      Total |      34 |       0 |   0.0 |      19 |       0 |   0.0
            +---------+---------+-------+---------+---------+-------
        D:1 |      34 |       0 |   0.0 |      19 |       0 |   0.0
            +---------+---------+-------+---------+---------+-------
